 Dungeon Sprint DCSS version 0.29-a0-887-gcbe080d7e0 (webtiles) character file.

Game seed: 7037445842872215864

9417 rocky1 the Carver (level 11, -11/108 HPs)
             Began as a Minotaur Monk on July 22, 2022.
             Was the Champion of Okawaru.
             Mangled by a boulder beetle (44 damage)
             ... in the Dungeon (Sprint VII: "The Pits").
             The game lasted 00:12:28 (2333 turns).

rocky1 the Carver (Minotaur Monk)                   Turns: 2333, Time: 00:12:29

Health: -11/108    AC: 25    Str: 16    XL:     11   Next: 22%
Magic:  13/17      EV: 16    Int:  7    God:    Okawaru [******]
Gold:   0          SH:  0    Dex: 17    Spells: 10/10 levels left

rFire   + + .      SeeInvis .   r - +2 scimitar (holy)
rCold   . . .      Faith    .   (no shield)
rNeg    . . .      Spirit   .   u - +0 plate armour "Nyopnaenk" {-Cast rF++}
rPois   .          Reflect  .   (helmet restricted)
rElec   .          Harm     .   o - +0 cloak
rCorr   .          Rampage  .   q - +0 pair of gloves
Will    .....      NoTele   +   (no boots)
Stlth   ++........ NoCast   +   (no amulet)
HPRegen 0.28/turn               b - +3 ring of protection
MPRegen 0.15/turn               a - +3 ring of evasion

@: heroic, finesse-ful
A: horns 2, retaliatory headbutt
a: Renounce Religion, Heroism, Finesse


You were in the Dungeon.
You worshipped Okawaru.
Okawaru was exalted by your worship.
You visited 1 branch

Inventory:

Hand Weapons
 m - the +2 morningstar of the Vaults {venom, Str+6}
   (You found it in the Dungeon)

   It poisons the flesh of those it strikes.
   Str:       It affects your strength (+6).
 n - a +0 long sword of flaming
 r - a +2 scimitar of holy wrath (weapon)
 s - a +1 vorpal broad axe
Armour
 f - the +0 pair of gloves of the Heron {Regen+ Int+3 Dex+5}
   (Okawaru gifted it to you in the Dungeon)

   Int:       It affects your intelligence (+3).
   Dex:       It affects your dexterity (+5).
   Regen:     It increases your rate of health regeneration.
 o - a +0 cloak (worn)
 q - a +0 pair of gloves (worn)
 u - the +0 plate armour "Nyopnaenk" (worn) {-Cast rF++}
   (Okawaru gifted it to you in the Dungeon)

   rF:        It greatly protects you from fire.
   -Cast:     It prevents spellcasting.
Jewellery
 a - a +3 ring of evasion (right hand)
 b - a +3 ring of protection (left hand)
Scrolls
 i - a scroll of blinking
 k - 5 scrolls of amnesia
Potions
 c - a potion of ambrosia
 d - 7 potions of curing
 e - 3 potions of heal wounds
 g - 4 potions of magic
 h - 3 potions of berserk rage
 j - 2 potions of invisibility
 l - a potion of brilliance


   Skills:
 + Level 13.8(18.8) Fighting
 + Level 13.9(18.9) Long Blades
 + Level 9.9(14.9) Maces & Flails
 + Level 13.5(18.5) Armour
 + Level 12.8(17.8) Dodging
 - Level 9.9(14.9) Stealth
 - Level 10.4 Invocations


You had 10 spell levels left.
You didn't know any spells.
Your spell library was empty.

Dungeon Overview and Level Annotations

Branches:
Dungeon (1/1)

Altars:
Ashenzari
Cheibriados
Dithmenos
Elyvilon
Fedhas
Gozag
Hepliaklqana
Kikubaaqudgha
Makhleb
Nemelex Xobeh
Okawaru
Qazlal
Ru
Sif Muna
Trog
Uskayaw
Vehumet
Wu Jian
Xom
Yredelemnul
Zin
The Shining One
Jiyva
Lugonu


Innate Abilities, Weirdness & Mutations

You have a pair of horns on your head.
You reflexively headbutt those who attack you in melee.


Message History

You kill the ogre!
Okawaru accepts your kill.
You barely miss the adder skeleton. You headbutt the adder skeleton!
You destroy the adder skeleton!
Okawaru accepts your kill.
Unknown command.
Unknown command.
You feel better.
Okay, then.
You hit the boulder beetle.
The boulder beetle is lightly wounded.
The boulder beetle leaps!
The boulder beetle leaps!
The ogre hits you but does no damage.
There is an open door, spattered with blood here.
Items here: )))))))) [[[ †††.
You slash the ogre!
The ogre is heavily wounded.
You barely miss the ogre.
The ogre is heavily wounded.
You slash the ogre! You headbutt the ogre.
You kill the ogre!
Okawaru accepts your kill.
You see here the +0 pair of gloves of the Heron {Regen+ Int+3 Dex+5}.
f - the +0 pair of gloves of the Heron {Regen+ Int+3 Dex+5} The boulder beetle curls into a ball and begins rolling!
Okay, then.
You possess the skills of a mighty hero.
Your blows are lightning fast.
Your movement speed is average.
Your attack delay is about 0.3 (and cannot be improved with additional weapon skill).
Unknown command.
You start removing your armour.
You continue taking off your +0 pair of gloves. x2
The boulder beetle hits you!!!
Keep disrobing? [Y]es or [N]o only, please.
Keep disrobing? [Y]es or [N]o only, please.
Keep disrobing?
You stop removing your armour.
You die...

..#..#......# ............+
............+ ..#..#......#
............# #####''######
...##''# ##### ########
...##..###...###.B○°.(#
...##...##...##.@##.○(###
...###.÷.##'##..###...'.## ...#
##÷...).....##...#B.##
...###..###'###.[.##'##○.(#
...##.)##)....##..#.÷.#...#O
#####.)')).....÷..'[..'...'..
#####.)##.)...##..#)..#...#i...
[..###.)###)###...##'##...###.)
.[.# ##..........##...#..##


Z You could see a boulder beetle (rolling).

Vanquished Creatures
  Josephine (D)
  A two-headed ogre (D)
  An ogre mage (D)
  A death yak (D)
  A shadow wraith (D)
  A deep troll (D)
  An orc knight (D)
  2 smoke demons (D)
  A komodo dragon (D)
  A demonic crawler (D)
  A freezing wraith (D)
  A hellwing (D)
  A troll (D)
  A red devil (D)
  A merfolk (D)
  2 snapping turtles (D)
  2 spriggans (D)
  6 wraiths (D)
  A fire bat (D)
  A redback (D)
  2 water moccasins (D)
  An ice beast (D)
  A floating eye (D)
  An orc warrior (D)
  A black bear (D)
  A swamp drake (D)
  5 ogres (D)
  A phantom (D)
  A scorpion (D)
  3 killer bees (D)
  A quasit (D)
  A jelly (D)
  2 orc priests (D)
  Terence (D)
  An orc wizard (D)
  2 gnolls (D)
  An adder (D)
  A river rat (D)
  2 ufetubi (D)
  An adder zombie (D)
  An adder skeleton (D)
  An adder simulacrum (D)
  9 orcs (D)
  2 endoplasms (D)
  A giant cockroach (D)
  2 goblins (D)
  2 ball pythons (D)
  A frilled lizard (D)
  A quokka zombie (D)
78 creatures vanquished.

Notes
Turn   | Place    | Note
-------+----------+-------------------------------------------
     0 | D        | rocky1 the Minotaur Monk began the quest for the Orb.
     0 | D        | Reached XP level 1. HP: 19/19 MP: 0/0
    23 | D        | Found a bloodstained altar of Trog.
    23 | D        | Found a shimmering blue altar of Sif Muna.
    23 | D        | Found a viscous altar of Jiyva.
    23 | D        | Found a hazy altar of Hepliaklqana.
    23 | D        | Found an opulent altar of Gozag.
    24 | D        | Found a glowing golden altar of the Shining One.
    24 | D        | Found a glowing silver altar of Zin.
    24 | D        | Found a basalt altar of Yredelemnul.
    24 | D        | Found a shimmering altar of Xom.
    24 | D        | Found an ornate altar of the Wu Jian Council.
    24 | D        | Found a sacrificial altar of Ru.
    24 | D        | Found a stormy altar of Qazlal.
    24 | D        | Found an iron altar of Okawaru.
    24 | D        | Found a sparkling altar of Nemelex Xobeh.
    24 | D        | Found a burning altar of Makhleb.
    24 | D        | Found a blossoming altar of Fedhas.
    24 | D        | Found a white marble altar of Elyvilon.
    24 | D        | Found a shadowy altar of Dithmenos.
    24 | D        | Found a snail-covered altar of Cheibriados.
    27 | D        | Found a corrupted altar of Lugonu.
    27 | D        | Found a radiant altar of Vehumet.
    28 | D        | Found an ancient bone altar of Kikubaaqudgha.
    28 | D        | Found a hide-covered altar of Uskayaw.
    28 | D        | Found a broken altar of Ashenzari.
    34 | D        | Became a worshipper of Warmaster Okawaru
    34 | D        | Reached * piety under Okawaru
    34 | D        | Reached ** piety under Okawaru
    76 | D        | Reached skill level 1 in Armour
   153 | D        | Noticed a scorpion
   164 | D        | Killed a scorpion
   165 | D        | Reached skill level 5 in Fighting
   165 | D        | Reached skill level 5 in Long Blades
   165 | D        | Reached XP level 2. HP: 11/29 MP: 0/2
   165 | D        | Reached XP level 3. HP: 14/36 MP: 0/3
   167 | D        | Reached XP level 4. HP: 14/42 MP: 0/4
   469 | D        | Noticed a floating eye
   479 | D        | Killed a floating eye
   480 | D        | Reached skill level 5 in Armour
   480 | D        | Reached skill level 5 in Dodging
   480 | D        | Reached XP level 5. HP: 47/51 MP: 4/6
   555 | D        | Noticed an ogre
   556 | D        | Noticed a black bear
   556 | D        | Noticed Terence
   565 | D        | Killed a black bear
   565 | D        | Reached *** piety under Okawaru
   566 | D        | Reached XP level 6. HP: 60/60 MP: 4/8
   573 | D        | Reached skill level 5 in Stealth
   573 | D        | Reached skill level 5 in Invocations
   576 | D        | Killed Terence
   717 | D        | Noticed a fire bat
   722 | D        | Killed a fire bat
   723 | D        | Reached XP level 7. HP: 68/68 MP: 8/10
   741 | D        | Killed a shadow wraith
   742 | D        | Reached XP level 8. HP: 24/78 MP: 8/12
   977 | D        | Reached **** piety under Okawaru
  1021 | D        | Reached skill level 10 in Long Blades
  1028 | D        | Reached skill level 10 in Fighting
  1501 | D        | Got the +2 morningstar of the Vaults {venom, Str+6}
  1589 | D        | Noticed a demonic crawler
  1589 | D        | Noticed a komodo dragon
  1597 | D        | Killed a demonic crawler
  1602 | D        | Killed a komodo dragon
  1603 | D        | Reached skill level 10 in Armour
  1611 | D        | Noticed a freezing wraith
  1622 | D        | Killed a freezing wraith
  1622 | D        | Reached ***** piety under Okawaru
  1623 | D        | Reached XP level 9. HP: 50/86 MP: 12/14
  1627 | D        | Reached skill level 10 in Dodging
  1642 | D        | Noticed a merfolk
  1642 | D        | Noticed a smoke demon
  1651 | D        | Received a gift from Okawaru
  1653 | D        | Killed a smoke demon
  1657 | D        | Reached skill level 5 in Maces & Flails
  1698 | D        | Killed a merfolk
  1699 | D        | Noticed a troll
  1706 | D        | Reached XP level 10. HP: 78/97 MP: 10/15
  1711 | D        | Noticed Josephine
  1773 | D        | Noticed an orc knight
  1787 | D        | Killed an orc knight
  1787 | D        | Identified the +0 plate armour "Nyopnaenk" {-Cast rF++}
                  | (Okawaru gifted it to you in the Dungeon)
  1787 | D        | Received a gift from Okawaru
  1837 | D        | Noticed a death yak
  1868 | D        | Killed a death yak
  1877 | D        | Noticed a smoke demon
  1892 | D        | Killed Josephine
  1892 | D        | Reached ****** piety under Okawaru
  1893 | D        | Reached skill level 10 in Invocations
  1915 | D        | Killed a smoke demon
  2261 | D        | Noticed a two-headed ogre
  2262 | D        | Noticed a deep troll
  2263 | D        | Noticed an ogre mage
  2263 | D        | Noticed a boulder beetle
  2289 | D        | Killed a deep troll
  2294 | D        | Reached XP level 11. HP: 54/107 MP: 10/17
  2307 | D        | Killed an ogre mage
  2317 | D        | Killed a two-headed ogre
  2317 | D        | Identified the +0 pair of gloves of the Heron {Regen+ Int+3
                  | Dex+5} (Okawaru gifted it to you in the Dungeon)
  2317 | D        | Received a gift from Okawaru
  2333 | D        | Mangled by a boulder beetle

Illustrated notes

Levels and vault maps discovered:
D:        pitsprint [storerooms_1, entrance_room_1, metal_vault_5, armoury_2,
          mini_pit_1, grid_room_1, main_hall_1, silver_pit, the_coven_3,
          the_vestibule_1, steel_vault_2, golden_pit, hallway_of_sentries,
          crystal_vault_4, iron_vault_1, final_vault]

Skill      XL: |  1  2  3  4  5  6  7  8  9 10 11 |
---------------+----------------------------------+-----
Armour         | 3 5 6 7 8 10 11 12 13 | 13.5
Fighting       | 5 6 7 8 9 10 11 13 | 13.8
Long Blades    | 5 6 7 8 9 10 11 13 | 13.9
Stealth        | 3 4 5 6 7 8 9 |  9.9
Dodging        | 4 5 6 7 8 9 10 12 | 12.8
Invocations    | 2 3 4 5 6 8 9 10 | 10.4
Maces & Flails | 3 6 9 |  9.9

Action                   |  1- 3 |  4- 6 |  7- 9 | 10-12 || total
-------------------------+-------+-------+-------+-------++-------
Melee: Falchion          |    15 |     9 |       |       ||    24
       Punch             |     1 |     1 |       |     7 ||     9
       Headbutt          |       |     6 |    26 |    39 ||    71
       Long sword        |       |    17 |    60 |       ||    77
       Scimitar          |       |       |    59 |   123 ||   182
Throw: Javelin           |       |       |       |     7 ||     7
Invok: Heroism           |       |     1 |     3 |     3 ||     7
       Finesse           |       |       |     1 |     1 ||     2
  Use: Potion            |       |       |     5 |     9 ||    14
 Stab: Sleeping          |     1 |       |       |       ||     1
Armor: Robe              |     4 |     2 |       |       ||     6
       Plate armour      |       |     9 |    73 |    67 ||   149
Dodge: Dodged            |    13 |    11 |    66 |    89 ||   179

Table legend: (Time is in decaauts)
 A = Elapsed time spent in this place.
 B = Non-inter-level travel time spent in this place.
 C = Inter-level travel time spent in this place.
 D = Time resting spent in this place.
 E = Time spent auto-exploring this place.
 F = Levels seen in this place.
 G = Mean time per level.
                   A        B        C        D        E       F      G
               +--------+--------+--------+--------+--------+-----+--------+
         Total |   2273 |   2256 |     17 |   1521 |      0 |   1 | 2273.0 |
       Dungeon |   2273 |   2256 |     17 |   1521 |      0 |   1 | 2273.0 |
               +--------+--------+--------+--------+--------+-----+--------+

Top non-repeatable levels by time:
       D: 2273 daAuts
